 Dungeon Crawl Stone Soup version 0.21.0-3-g78d12a8 (webtiles) character file.

719 magipi the Chiller (level 7, -4/41 HPs)
             Began as a Merfolk Ice Elementalist on Jan 12, 2018.
             Was an Initiate of Hepliaklqana.
             Slain by an orc warrior
             ... wielding a +0 halberd
              (19 damage)
             ... on level 6 of the Dungeon.
             The game lasted 00:24:47 (7409 turns).

magipi the Chiller (Merfolk Ice Elementalist)       Turns: 7409, Time: 00:24:48

Health: -4/41      AC:  3    Str:  8    XL:     7   Next: 70%
Magic:  10/10      EV: 13    Int: 17    God:    Hepliaklqana [......]
Gold:   240        SH:  0    Dex: 14    Spells: 2/10 levels left

rFire    . . .     SeeInvis .   a - +0 halberd
rCold    . . .     Gourm    +   (shield currently unavailable)
rNeg     . . .     Faith    .   d - +0 robe
rPois    .         Spirit   .   (no helmet)
rElec    .         Reflect  .   u - scarf {cloud immunity}
rCorr    +         Harm     .   r - +0 pair of gloves
MR       .....                  (no boots)
Stlth    ++........             A - amulet of the gourmand
HPRegen  0.13/turn              o - ring of resist corrosion
MPRegen  0.12/turn              (no ring)

@: no status effects
A: change form in water, swift swim, stealthy swim, reduced essence
a: Recall Ancestor, Ancestor Identity, Renounce Religion


You were on level 6 of the Dungeon.
You worshipped Hepliaklqana.
Hepliaklqana was noncommittal.
You were hungry.

You visited 1 branch of the dungeon, and saw 6 of its levels.

You collected 240 gold pieces.

Inventory:

Hand Weapons
 a - a +0 halberd (weapon)
   (You took it off a gnoll on level 1 of the Dungeon)
 b - a +0 blowgun
   (You took it off a kobold on level 3 of the Dungeon)
 q - a +0 spear
   (You found it on level 1 of the Dungeon)
 D - a +0 trident
   (You found it on level 5 of the Dungeon)
Missiles
 f - 14 tomahawks (quivered)
 y - 49 poisoned needles
 z - 5 javelins
Armour
 d - a +0 robe (worn)
 r - a +0 pair of gloves (worn)
   (You found it on level 3 of the Dungeon)
 u - a scarf of cloud immunity (worn)
   (You found it on level 3 of the Dungeon)
Jewellery
 o - a ring of resist corrosion (left hand)
   (You found it on level 6 of the Dungeon)
 A - an amulet of the gourmand (around neck)
   (You found it on level 4 of the Dungeon)
Wands
 m - a wand of polymorph (12)
   (You found it on level 6 of the Dungeon)
 w - a wand of clouds (4)
   (You found it on level 3 of the Dungeon)
Scrolls
 h - 2 scrolls of fear
 k - 4 scrolls of remove curse
 n - 3 scrolls of blinking
 s - a scroll of fog
 v - a scroll of identify
 B - 2 scrolls of enchant weapon {unknown}
 E - a scroll of magic mapping {unknown}
Potions
 e - a potion of degeneration
 g - a potion of agility
 i - 6 potions of heal wounds
 j - 3 potions of haste
 l - 3 potions of resistance
 p - 2 potions of curing
Books
 x - a book of Frost

   Spells                             Type                      Level
   a - Freeze                         Ice                          1
   b - Throw Frost                    Conjuration/Ice              2
   c - Ozocubu's Armour               Charms/Ice                   3
   d - Throw Icicle                   Conjuration/Ice              4
   e - Summon Ice Beast               Ice/Summoning                4
Comestibles
 c - 12 rations


   Skills:
 - Level 1.1 Polearms
 - Level 2.6 Dodging
 - Level 2.1 Stealth
 - Level 2.1 Spellcasting
   Level 0.7 Conjurations
 - Level 4.0 Charms
 + Level 4.1 Summonings
 + Level 7.0 Ice Magic


You had 2 spell levels left.
You knew the following spells:

 Your Spells              Type           Power        Failure   Level  Hunger
a - Freeze                Ice            ####         1%          1    #......
b - Summon Ice Beast      Ice/Summ       ###.....     19%         4    #####..
o - Ozocubu's Armour      Chrm/Ice       ###.....     6%          3    ###....


Dungeon Overview and Level Annotations

Branches:
Dungeon (6/15)
 Temple: D:4-7

Altars:
Hepliaklqana
Sif Muna
Uskayaw

Annotations:
D:3 magipi's ghost, amateur MfIE


Message History

You see here a tomahawk.
Unknown command.
You climb upwards.
There is a stone staircase leading down here.
You start resting.
Magic restored.
You start resting.
All of the chunks of flesh in your inventory have rotted away.
HP restored.
You climb downwards.
The orc barely misses you. x2
There is a stone staircase leading up here.
You see here a tomahawk.
Unknown command.
The orc misses you.
You climb upwards.
There is a stone staircase leading down here.
Unknown command.
Casting: Freeze
Confirm with . or Enter, or press ? or * to list all spells.
Aiming: Freeze
Press: ? - help, Shift-Dir - straight line, f - orc
Aim: an orc You freeze the orc.
The orc is heavily wounded.
The orc hits you.
Casting: Freeze
Confirm with . or Enter, or press ? or * to list all spells.
Aiming: Freeze
Press: ? - help, Shift-Dir - straight line, f/p - orc
Aim: an orc (heavily wounded)
You freeze the orc.
You kill the orc!
You climb downwards.
The orc wizard points at you and mumbles some strange words.
The puff of frost hits you!
There is a stone staircase leading up here.
You see here a tomahawk.
Unknown command.
Casting: Freeze
Confirm with . or Enter, or press ? or * to list all spells.
Aiming: Freeze
Press: ? - help, Shift-Dir - straight line, f - orc wizard
Aim: an orc wizard, wielding a dagger and wearing a robe You freeze the orc wizard.
The orc wizard is moderately wounded.
Laslo closely misses the orc wizard.
The orc wizard casts a spell at you. The magic dart hits you!
Casting: Freeze
Confirm with . or Enter, or press ? or * to list all spells.
Aiming: Freeze
Press: ? - help, Shift-Dir - straight line, f/p - orc wizard
Aim: an orc wizard, wielding a dagger and wearing a robe (moderately wounded)
You freeze the orc wizard.
The orc wizard is almost dead.
Laslo hits the orc wizard.
The orc wizard dies!
Your Ice Magic skill increases to level 7!
Things that are here:
a dagger; a robe; a tomahawk
There is a stone staircase leading up, spattered with blood here.
You see here a tomahawk.
Things that are here:
a dagger; a robe; a tomahawk Autopickup is now on.
f - 12 tomahawks (gained 1)
There is a stone staircase leading up, spattered with blood here.
You start resting.
Magic restored.
You start resting.
HP restored.
You see here a hound skeleton.
f - 13 tomahawks (gained 1)
f - 14 tomahawks (gained 1)
Found a leather armour.
m - an onyx ring Put on which piece of jewellery? (? for menu, Esc to quit)
m - a ring of resist corrosion (left hand) Adjust (i)tems, (s)pells, or (a)bilities?
Adjust which item? (? for menu, Esc to quit)
m - a ring of resist corrosion (left hand) Adjust to which letter? (? for menu, Esc to quit)
o - a ring of resist corrosion (left hand)
Found 17 poisoned needles.
Found a stone staircase leading down.
You see here a leather armour.
y - 49 poisoned needles (gained 17) Unknown command.
Unknown command.
Okay, then.
Unknown command.
You swap places.
k - 4 scrolls of remove curse (gained 1)
You are feeling hungry.
j - 3 potions of haste (gained 1)
m - a wand of polymorph (12)
An orc warrior comes into view. It is wielding a halberd.
The orc warrior hits you from afar with a halberd!!
Ouch! That really hurt!
The orc warrior hits you with a halberd!!
You die...

#####.#...#### .......####......
#........## .... ##.##.#
#.###.#.##### ... ####.# #.#
#.......# ... #.# #.# ###.###.#
#'# ##########.#
#.#####.###.######.# #.......##.#
#...............##.###[#####.##.#
#######.###.###..o.......# #.##.#
#.# #.# #.@R..##.#.###)##.# #.#
#.###......#.#....)รท..# #.#
#.........##.#####<#### #.#
#####....###.#####.# #.# #.##.#
#.......# #.# #.##.# #########
#.. ..##.# ### #.# #.#


You could see the friendly Laslo the ancestor and an orc warrior.

Vanquished Creatures
  2 hounds
  2 orc priests
  An iguana (D:4)
  2 orc wizards
  2 worker ants
  A hound skeleton (D:4)
  A worker ant zombie (D:5)
  3 gnolls
  7 adders
  A shadow imp (D:5)
  An ooze (D:2)
  A worm (D:2)
  2 dart slugs
  4 leopard geckos
  15 orcs
  2 ball pythons
  5 bats
  6 giant cockroaches
  8 goblins
  8 hobgoblins
  5 jackals
  5 kobolds
  A quokka (D:4)
  3 frilled lizards
  6 rats
94 creatures vanquished.

Vanquished Creatures (collateral kills)
  2 ogres (D:5)
  A howler monkey (D:5)
  2 orc wizards
  3 orcs
  2 jackals (D:5)
10 creatures vanquished.

Grand Total: 104 creatures vanquished

Notes
Turn   | Place    | Note
-------+----------+-------------------------------------------
     0 | D:1      | magipi the Merfolk Ice Elementalist began the quest for the Orb.
     0 | D:1      | Reached XP level 1. HP: 13/13 MP: 3/3
   183 | D:1      | Reached XP level 2. HP: 19/19 MP: 5/5
   276 | D:1      | Reached skill level 4 in Ice Magic
   724 | D:1      | Reached XP level 3. HP: 18/24 MP: 4/6
   827 | D:1      | Reached skill level 1 in Polearms
   832 | D:1      | Learned a level 3 spell: Ozocubu's Armour
  1183 | D:2      | Reached skill level 1 in Charms
  1482 | D:2      | Reached XP level 4. HP: 25/30 MP: 3/7
  2405 | D:2      | Reached XP level 5. HP: 35/35 MP: 8/8
  3700 | D:3      | Reached skill level 5 in Ice Magic
  3868 | D:3      | Learned a level 4 spell: Summon Ice Beast
  3903 | D:3      | Noticed magipi's ghost (amateur MfIE)
  4449 | D:3      | Reached skill level 1 in Summonings
  4526 | D:3      | Reached XP level 6. HP: 39/41 MP: 9/9
  5664 | D:4      | Found a hazy altar of Hepliaklqana.
  5664 | D:4      | Found a hide-covered altar of Uskayaw.
  5719 | D:4      | Became a worshipper of Hepliaklqana the Forgotten
  5733 | D:5      | Entered Level 5 of the Dungeon
  5999 | D:5      | Reached skill level 6 in Ice Magic
  6163 | D:5      | Reached XP level 7. HP: 29/41 MP: 10/10
  6918 | D:5      | Found a deep blue altar of Sif Muna.
  7199 | D:6      | Reached skill level 7 in Ice Magic
  7409 | D:6      | Slain by an orc warrior

Skill      XL: |  1  2  3  4  5  6  7 |
---------------+----------------------+-----
Ice Magic      | 4 5 6 7 |  7.0
Polearms       | 1 |  1.1
Charms         | 1 2 3 4 |  4.0
Summonings     | 1 2 4 |  4.1
Dodging        | |  2.6
Stealth        | |  2.1
Spellcasting   | |  2.1
Conjurations   | |  0.7

Action                   |  1- 3 |  4- 6 |  7- 9 || total
-------------------------+-------+-------+-------++-------
Melee: Spear             |    68 |    18 |       ||    86
       Halberd           |       |    92 |    12 ||   104
 Cast: Freeze            |    38 |    62 |    11 ||   111
       Ozocubu's Armour  |       |     2 |       ||     2
       Summon Ice Beast  |       |       |     1 ||     1
Invok: Ancestor Identity |       |     1 |     1 ||     2
  Use: Scroll            |       |       |    12 ||    12
 Stab: Sleeping          |     4 |     8 |       ||    12
  Eat: Chunk             |     2 |    13 |       ||    15
       Ration            |       |     1 |     1 ||     2
Armor: Robe              |     9 |    16 |     1 ||    26
Dodge: Dodged            |    51 |   117 |    13 ||   181

Action                   |  1- 3 |  4- 6 |  7- 9 || total
-------------------------+-------+-------+-------++-------
Melee: Spear             |    68 |    18 |       ||    86
       Halberd           |       |    92 |    12 ||   104
 Cast: Freeze            |    38 |    62 |    11 ||   111
       Ozocubu's Armour  |       |     2 |       ||     2
       Summon Ice Beast  |       |       |     1 ||     1
Invok: Ancestor Identity |       |     1 |     1 ||     2
  Use: Scroll            |       |       |    12 ||    12
 Stab: Sleeping          |     4 |     8 |       ||    12
  Eat: Chunk             |     2 |    13 |       ||    15
       Ration            |       |     1 |     1 ||     2
Armor: Robe              |     9 |    16 |     1 ||    26
Dodge: Dodged            |    51 |   117 |    13 ||   181
